[ AOE2 MATCH · #513536318 ]
UnrankedPortuguese vs Maya
Rival team · LOSS
[ REPLAY ANALYSIS · EXTRACTED FROM THE RECORDED GAME ]
Feudal
10:02
Castle
23:00
Imperial
—
| APM avg | 73.8 |
| APM peak | 113 |
| eAPM avg | 32.7 |
| Villagers / military | 95 / 58 |
Focus
⚔️ 43.4% · 🌾 56.6%
Archer ×38 · Skirmisher ×12 · Militia ×5 · Knight ×2 · Monk ×1
Feudal
9:10
Castle
23:07
Imperial
—
| APM avg | 71.8 |
| APM peak | 119 |
| eAPM avg | 34.6 |
| Villagers / military | 75 / 32 |
Focus
⚔️ 50.4% · 🌾 49.6%
Archer ×14 · Eagle Scout ×9 · Skirmisher ×7 · Mangonel ×2
Match map
Initial resources + every placement click. Lines = walls · curves = elevation contours. ◆ gold · ⬟ stone · ● berries · ✦ relic · ◌ wall gap
Your base· Open — 4t gap
__Chino's base· Open — unwalled flank
Smoothed initial terrain · ◌ = detected wall gap · hover for details
Inputs per minute
— hK | FraKTal - - __Chino
Build order — hK | FraKTal
First 150 of 318 actions detected
| 0:00 | Queue | Villager (Male) |
| 0:00 | Queue | Villager (Male) |
| 0:01 | Queue | Villager (Male) |
| 0:02 | Build | House |
| 0:03 | Build | House |
| 0:15 | Queue | Villager (Male) |
| 1:26 | Queue | Villager (Male) |
| 1:53 | Build | Lumber Camp |
| 2:05 | Queue | Villager (Male) |
| 2:05 | Queue | Villager (Male) |
| 2:16 | Queue | Villager (Male) |
| 2:16 | Queue | Villager (Male) |
| 2:48 | Queue | Villager (Male) |
| 2:48 | Queue | Villager (Male) |
| 3:04 | Queue | Villager (Male) |
| 3:39 | Queue | Villager (Male) |
| 3:47 | Build | House |
| 4:08 | Queue | Villager (Male) |
| 4:08 | Queue | Villager (Male) |
| 4:31 | Queue | Villager (Male) |
| 4:31 | Queue | Villager (Male) |
| 4:40 | Build | Barracks |
| 5:02 | Build | House |
| 5:07 | Build | House |
| 5:16 | Queue | Villager (Male) |
| 5:17 | Queue | Villager (Male) |
| 5:35 | Queue | Militia |
| 5:36 | Queue | Militia |
| 5:37 | Queue | Militia |
| 5:44 | Queue | Villager (Male) |
| 6:15 | Queue | Villager (Male) |
| 6:33 | Build | Mill |
| 6:42 | Queue | Villager (Male) |
| 6:45 | Build | House |
| 7:06 | Research | Loom |
| 7:52 | Research | Feudal Age |
| 7:52 | Research | Feudal Age |
| 8:26 | Queue | Militia |
| 8:53 | Build | House |
| 9:25 | Queue | Militia |
| 9:37 | Queue | Villager (Male) |
| 10:02 | Age | Feudal Age |
| 10:04 | Research | Man-at-Arms (upgrade) |
| 10:04 | Research | Man-at-Arms (upgrade) |
| 10:05 | Queue | Villager (Male) |
| 10:07 | Build | Archery Range |
| 10:15 | Build | Farm |
| 10:17 | Build | Farm |
| 10:18 | Build | Farm |
| 10:22 | Queue | Villager (Male) |
| 10:23 | Build | Farm |
| 10:28 | Build | Farm |
| 10:30 | Build | Farm |
| 10:33 | Queue | Villager (Male) |
| 10:38 | Build | House |
| 10:47 | Build | Farm |
| 11:04 | Queue | Skirmisher |
| 11:08 | Build | Farm |
| 11:23 | Queue | Skirmisher |
| 11:25 | Queue | Villager (Male) |
| 11:33 | Research | Double-Bit Axe |
| 11:33 | Research | Double-Bit Axe |
| 11:38 | Build | House |
| 11:49 | Build | Palisade Wall |
| 11:55 | Queue | Skirmisher |
| 11:58 | Queue | Villager (Male) |
| 12:09 | Build | Palisade Wall |
| 12:16 | Queue | Villager (Male) |
| 12:17 | Queue | Skirmisher |
| 12:33 | Queue | Skirmisher |
| 12:34 | Queue | Villager (Male) |
| 12:40 | Queue | Villager (Male) |
| 12:46 | Build | Farm |
| 12:47 | Build | Farm |
| 12:57 | Queue | Skirmisher |
| 13:13 | Queue | Skirmisher |
| 13:13 | Queue | Villager (Male) |
| 13:37 | Build | Blacksmith |
| 13:39 | Build | Palisade Wall |
| 13:43 | Queue | Skirmisher |
| 13:44 | Queue | Villager (Male) |
| 13:55 | Build | Farm |
| 14:00 | Build | Palisade Wall |
| 14:02 | Build | House |
| 14:14 | Build | House |
| 14:17 | Build | House |
| 14:22 | Queue | Skirmisher |
| 14:23 | Queue | Villager (Male) |
| 14:28 | Queue | Villager (Male) |
| 14:32 | Research | Padded Archer Armor |
| 14:32 | Research | Padded Archer Armor |
| 14:38 | Build | Mining Camp |
| 14:41 | Build | House |
| 14:51 | Queue | Villager (Male) |
| 14:52 | Queue | Villager (Male) |
| 14:55 | Build | Palisade Wall |
| 15:01 | Queue | Villager (Male) |
| 15:11 | Research | Wheelbarrow |
| 15:11 | Research | Wheelbarrow |
| 15:39 | Queue | Skirmisher |
| 15:43 | Build | Palisade Gate |
| 15:46 | Build | House |
| 15:53 | Build | House |
| 15:54 | Build | Palisade Wall |
| 16:01 | Queue | Skirmisher |
| 16:01 | Queue | Skirmisher |
| 16:08 | Queue | Villager (Male) |
| 16:15 | Research | Fletching |
| 16:16 | Research | Fletching |
| 16:27 | Queue | Villager (Male) |
| 16:43 | Build | Palisade Gate |
| 16:45 | Build | House |
| 16:46 | Build | Palisade Wall |
| 16:47 | Queue | Villager (Male) |
| 16:49 | Build | House |
| 16:53 | Build | Palisade Gate |
| 16:58 | Build | Palisade Wall |
| 17:15 | Build | Palisade Wall |
| 17:23 | Queue | Villager (Male) |
| 17:30 | Queue | Villager (Male) |
| 17:34 | Queue | Archer |
| 17:41 | Queue | Villager (Male) |
| 17:42 | Queue | Archer |
| 17:56 | Build | Mill |
| 17:56 | Build | Farm |
| 17:56 | Build | Farm |
| 17:57 | Build | Farm |
| 17:57 | Build | Farm |
| 17:57 | Build | Farm |
| 17:57 | Build | Farm |
| 18:08 | Build | Farm |
| 18:09 | Build | Farm |
| 18:16 | Queue | Archer |
| 18:23 | Queue | Villager (Male) |
| 18:36 | Queue | Archer |
| 19:08 | Build | Market |
| 19:10 | Queue | Villager (Male) |
| 19:13 | Build | Lumber Camp |
| 19:22 | Queue | Archer |
| 19:25 | Queue | Villager (Male) |
| 19:27 | Build | Farm |
| 19:57 | Build | Farm |
| 20:20 | Research | Castle Age |
| 20:20 | Research | Castle Age |
| 20:28 | Build | Archery Range |
| 20:40 | Queue | Archer |
| 20:42 | Research | Gold Mining |
| 20:53 | Queue | Villager (Male) |
| 20:58 | Research | Horse Collar |
| 21:09 | Queue | Archer |
Build order — __Chino
First 150 of 204 actions detected
| 0:00 | Queue | Villager (Male) |
| 0:00 | Queue | Villager (Male) |
| 0:01 | Queue | Villager (Male) |
| 0:02 | Build | House |
| 0:02 | Build | House |
| 0:05 | Research | Loom |
| 0:10 | Queue | Villager (Male) |
| 0:14 | Queue | Villager (Male) |
| 0:14 | Queue | Villager (Male) |
| 1:31 | Queue | Villager (Male) |
| 2:10 | Queue | Villager (Male) |
| 2:11 | Queue | Villager (Male) |
| 2:12 | Queue | Villager (Male) |
| 2:47 | Queue | Villager (Male) |
| 2:56 | Build | Lumber Camp |
| 3:25 | Queue | Villager (Male) |
| 3:31 | Queue | Villager (Male) |
| 3:32 | Queue | Villager (Male) |
| 3:54 | Build | House |
| 4:04 | Queue | Villager (Male) |
| 4:24 | Build | House |
| 4:27 | Queue | Villager (Male) |
| 4:30 | Queue | Villager (Male) |
| 4:30 | Queue | Villager (Male) |
| 4:52 | Build | Mill |
| 5:18 | Queue | Villager (Male) |
| 5:29 | Queue | Villager (Male) |
| 6:16 | Queue | Villager (Male) |
| 7:00 | Research | Feudal Age |
| 7:36 | Build | Barracks |
| 8:19 | Build | House |
| 8:30 | Build | Mining Camp |
| 8:49 | Build | Palisade Wall |
| 8:51 | Build | Palisade Wall |
| 8:57 | Queue | Villager (Male) |
| 9:10 | Age | Feudal Age |
| 9:15 | Queue | Villager (Male) |
| 9:22 | Build | Archery Range |
| 9:29 | Build | Palisade Wall |
| 9:32 | Build | Palisade Wall |
| 9:35 | Queue | Villager (Male) |
| 9:50 | Build | Palisade Wall |
| 9:51 | Build | Palisade Wall |
| 9:54 | Queue | Villager (Male) |
| 10:01 | Queue | Villager (Male) |
| 10:14 | Queue | Archer |
| 10:22 | Research | Double-Bit Axe |
| 10:22 | Research | Double-Bit Axe |
| 10:31 | Queue | Archer |
| 10:45 | Build | House |
| 10:46 | Build | Palisade Wall |
| 10:50 | Queue | Villager (Male) |
| 10:56 | Queue | Archer |
| 11:06 | Build | House |
| 11:07 | Queue | Villager (Male) |
| 11:13 | Build | Palisade Wall |
| 11:17 | Build | Palisade Wall |
| 11:23 | Build | Farm |
| 11:34 | Queue | Archer |
| 11:37 | Queue | Villager (Male) |
| 11:47 | Queue | Villager (Male) |
| 11:55 | Queue | Villager (Male) |
| 12:05 | Build | Blacksmith |
| 12:13 | Build | Farm |
| 12:20 | Queue | Villager (Male) |
| 12:39 | Queue | Archer |
| 12:52 | Research | Fletching |
| 12:58 | Queue | Villager (Male) |
| 13:00 | Build | Palisade Wall |
| 13:10 | Queue | Villager (Male) |
| 13:12 | Build | Farm |
| 13:14 | Build | Farm |
| 13:14 | Queue | Archer |
| 13:33 | Build | House |
| 13:35 | Build | House |
| 13:35 | Queue | Villager (Male) |
| 13:38 | Build | Farm |
| 13:42 | Queue | Archer |
| 13:53 | Queue | Villager (Male) |
| 13:54 | Build | Farm |
| 14:06 | Build | House |
| 14:14 | Queue | Archer |
| 14:22 | Queue | Villager (Male) |
| 14:26 | Queue | Archer |
| 14:32 | Build | House |
| 14:34 | Queue | Villager (Male) |
| 14:43 | Build | Farm |
| 14:50 | Build | Palisade Wall |
| 14:54 | Queue | Archer |
| 14:54 | Queue | Villager (Male) |
| 15:26 | Queue | Villager (Male) |
| 15:28 | Build | Farm |
| 15:32 | Queue | Archer |
| 15:36 | Build | Watch Tower |
| 15:43 | Queue | Villager (Male) |
| 16:01 | Queue | Villager (Male) |
| 16:03 | Queue | Archer |
| 16:06 | Build | Farm |
| 16:11 | Build | House |
| 16:18 | Queue | Villager (Male) |
| 16:39 | Queue | Villager (Male) |
| 16:41 | Build | House |
| 16:42 | Queue | Eagle Scout |
| 16:43 | Queue | Eagle Scout |
| 16:46 | Build | House |
| 16:51 | Build | Farm |
| 17:00 | Queue | Archer |
| 17:05 | Queue | Villager (Male) |
| 17:19 | Build | Farm |
| 17:36 | Queue | Archer |
| 17:43 | Queue | Villager (Male) |
| 17:55 | Build | Farm |
| 17:58 | Build | Farm |
| 18:09 | Queue | Eagle Scout |
| 18:23 | Build | House |
| 18:23 | Queue | Villager (Male) |
| 18:32 | Build | House |
| 19:04 | Queue | Eagle Scout |
| 19:10 | Build | Mining Camp |
| 19:14 | Build | Mining Camp |
| 19:19 | Build | Market |
| 19:45 | Build | House |
| 19:57 | Build | Farm |
| 20:04 | Build | Palisade Gate |
| 20:27 | Research | Castle Age |
| 20:36 | Build | Barracks |
| 20:49 | Research | Scale Mail Armor |
| 20:50 | Research | Scale Mail Armor |
| 20:55 | Queue | Eagle Scout |
| 21:30 | Queue | Eagle Scout |
| 21:30 | Queue | Eagle Scout |
| 22:19 | Queue | Eagle Scout |
| 22:25 | Queue | Eagle Scout |
| 22:32 | Research | Forging |
| 22:36 | Build | Lumber Camp |
| 23:02 | Queue | Villager (Male) |
| 23:07 | Age | Castle Age |
| 23:19 | Research | Eagle Warrior (upgrade) |
| 23:30 | Build | Town Center |
| 23:30 | Queue | Villager (Male) |
| 24:00 | Queue | Villager (Male) |
| 24:09 | Build | Farm |
| 24:20 | Queue | Villager (Male) |
| 24:33 | Queue | Villager (Male) |
| 24:48 | Build | Farm |
| 24:50 | Queue | Villager (Male) |
| 24:54 | Build | Farm |
| 24:55 | Build | Farm |
| 25:06 | Build | Farm |
| 25:15 | Queue | Villager (Male) |
Match timeline
| 4:40 | hK | FraKTal · first_building Barracks |
| 7:36 | __Chino · first_building Barracks |
| 8:49 | __Chino · wall_segment Palisade Wall x4 |
| 8:51 | __Chino · wall_segment Palisade Wall x3 |
| 9:10 | __Chino · age_up feudal |
| 9:22 | __Chino · first_building Archery Range |
| 9:29 | __Chino · wall_segment Palisade Wall x1 |
| 9:32 | __Chino · wall_segment Palisade Wall x1 |
| 9:50 | __Chino · wall_segment Palisade Wall x1 |
| 9:51 | __Chino · wall_segment Palisade Wall x1 |
| 10:02 | hK | FraKTal · age_up feudal |
| 10:07 | hK | FraKTal · first_building Archery Range |
| 10:46 | __Chino · wall_segment Palisade Wall x1 |
| 11:13 | __Chino · wall_segment Palisade Wall x1 |
| 11:17 | __Chino · wall_segment Palisade Wall x1 |
| 11:49 | hK | FraKTal · wall_segment Palisade Wall x11 |
| 12:09 | hK | FraKTal · wall_segment Palisade Wall x12 |
| 13:00 | __Chino · wall_segment Palisade Wall x1 |
| 13:39 | hK | FraKTal · wall_segment Palisade Wall x1 |
| 14:00 | hK | FraKTal · wall_segment Palisade Wall x1 |
| 14:50 | __Chino · wall_segment Palisade Wall x13 |
| 14:55 | hK | FraKTal · wall_segment Palisade Wall x8 |
| 15:54 | hK | FraKTal · wall_segment Palisade Wall x1 |
| 16:46 | hK | FraKTal · wall_segment Palisade Wall x1 |
| 16:58 | hK | FraKTal · wall_segment Palisade Wall x1 |
| 17:15 | hK | FraKTal · wall_segment Palisade Wall x4 |
| 20:12 | hK | FraKTal · first_market_buy 100 food |
| 20:14 | hK | FraKTal · first_market_sell 100 wood |
| 20:27 | __Chino · first_market_sell 100 food |
| 23:00 | hK | FraKTal · age_up castle |
| 23:07 | __Chino · age_up castle |
| 23:18 | __Chino · first_market_buy 100 food |
| 26:39 | __Chino · first_building Siege Workshop |
| 28:32 | hK | FraKTal · first_building Stable |
| 30:03 | hK | FraKTal · first_building Monastery |
| 32:06 | __Chino · resign |
[ AI ANALYSIS · 1 CREDIT ]
What really happened in this match?
Wolo.gg analyzes every decision: build order, eco, micro, common mistakes by bracket. Personalized analysis on WhatsApp or Discord in 30 seconds.
Civ guide
Portuguese
Perfil
Jugador #22003517